 Dungeon Crawl Stone Soup version 0.27-a0-650-g8dd3ea4f36 (webtiles) character file.

Game seed: 2641304671027574589

7 jasper the Caller (level 1, 0/13 HPs)
             Began as a Mummy Summoner on Mar 15, 2021.
             Hit by a stone thrown by a kobold (1 damage)
             ... on level 1 of the Dungeon.
             The game lasted 00:01:23 (1222 turns).

jasper the Caller (Mummy Summoner)                  Turns: 1222, Time: 00:01:24

Health: 0/13       AC:  2    Str: 11    XL:     1   Next: 91%
Magic:  0/4        EV: 12    Int: 14    God:
Gold:   47         SH:  0    Dex: 12    Spells: 5/6 levels left

rFire    x . .     SeeInvis .   e - +0 short sword
rCold    + . .     Faith    .   (no shield)
rNeg     + + +     Spirit   .   a - +0 robe
rPois    ∞         Reflect  .   (no helmet)
rElec    .         Harm     .   (no cloak)
rCorr    .         Rampage  .   (no gloves)
Will     .....                  (no boots)
Stlth    ++........             (no amulet)
HPRegen  0.04/turn              (no ring)
MPRegen  0.09/turn              (no ring)

@: no status effects
A: cold resistance 1, negative energy resistance 3, torment resistance 2,
unbreathing 1, heat vulnerability 1, no potions
a: no special abilities


You were on level 1 of the Dungeon.
You visited 1 branch of the dungeon, and saw 1 of its levels.

You collected 47 gold pieces.

Inventory:

Hand Weapons
 c - a +0 hunting sling
 e - a +0 short sword (weapon)
Missiles
 b - 80 stones
 d - 7 javelins
Armour
 a - a +0 robe (worn)
Scrolls
 f - 3 scrolls of identify {unknown}


   Skills:
 - Level 1.5 Dodging
 - Level 1.8 Stealth
 + Level 3.0 Spellcasting
 * Level 3.4 Summonings


You had 5 spell levels left.
You knew the following spells:

 Your Spells              Type           Power      Damage    Failure   Level
a - Summon Small Mammal   Summ           44%        N/A       5%          1

Your spell library contained the following spells:

 Spells                   Type           Power      Damage    Failure   Level
 Call Imp                 Summ           11%        N/A       9%          2
 Call Canine Familiar     Summ           11%        N/A       16%         3
 Summon Guardian Golem    Hex/Summ       6%         N/A       32%         3
 Summon Ice Beast         Ice/Summ       6%         N/A       71%         4
 Summon Lightning Spire   Summ/Air       6%         N/A       71%         4


Dungeon Overview and Level Annotations

Branches:
Dungeon (1/15)

Altars:


Innate Abilities, Weirdness & Mutations

You are immune to poison.
Your flesh is cold resistant. (rC+)
You are immune to negative energy. (rN+++)
You are immune to unholy pain and torment.
You can survive without breathing.
You are vulnerable to heat. (rF-)
You do not drink.


Message History

Press: ? - help, Q - select action, (/) - cycle Dir - look around, f - activate The kobold throws a stone.
The stone barely misses your bat. The stone hits your bat.
Your bat dies!
Your bat's corpse disappears in a puff of smoke!
Your bat barely misses the kobold.
You now have 0/4 mp.
You don't have enough magic to cast this spell.
You don't have enough magic to cast this spell.
You don't have enough magic to cast this spell.
You don't have enough magic to cast this spell.
You start resting.
Your magical contamination has completely faded away.
You start resting.
A kobold is nearby!
Casting: Summon Small Mammal (safe; 5% risk of failure)
Press: ? - help, Q - select action, (/) - cycle Dir - look around, f - activate The kobold throws a stone.
The stone misses you.
You now have 0/4 mp.
The kobold throws a stone.
The stone hits you.
You take 2 damage, and have 9/13 hp.
The kobold closely misses you.
You barely miss the kobold.
Your bat hits the kobold but does no damage.
The kobold misses you.
Your bat hits the kobold but does no damage.
You barely miss the kobold.
Your bat hits the kobold but does no damage.
Your bat completely misses the kobold.
The kobold hits you with a +0 short sword.
Your bat barely misses the kobold.
The kobold hits you with a +0 short sword!
Ouch! That really hurt!
* * * LOW HITPOINT WARNING * * *
You take 8 damage, and have 1/13 hp.
MASSIVE DAMAGE!!
You barely miss the kobold.
Your bat barely misses the kobold.
The kobold barely misses you.
Your bat misses the kobold.
The kobold throws a stone.
The stone closely misses your bat. The stone hits you.
You die...

.. #.##.# ######.##.#
... ####.#.....#.#
.... #Kbb.#.##..#.#
##.... #.#@...#...#.#
...... #b#....#...#.#
......
Kb.......>.....#.#
......
#.#.#.#..####..#.#
......
...............######
...##
##.#.#..........##...#
####
#.#........#......#.#
# ########.#..###.#.#
##### #.#......#.##


You could see a kobold (ally target) and 2 friendly bats.

Vanquished Creatures
  2 goblins (D:1)
2 creatures vanquished.

Vanquished Creatures (collateral kills)
  An ooze (D:1)
  A goblin (D:1)
  2 kobolds (D:1)
  A rat (D:1)
5 creatures vanquished.

Grand Total: 7 creatures vanquished

Notes
Turn   | Place    | Note
-------+----------+-------------------------------------------
     0 | D:1      | jasper the Mummy Summoner began the quest for the Orb.
     0 | D:1      | Reached XP level 1. HP: 13/13 MP: 4/4
  1222 | D:1      | Hit by a stone thrown by a kobold

Illustrated notes

Levels and vault maps discovered:
D:1:      minmay_arrival_shattered_statue, layout_basic, minmay_tromino_i4

Skill      XL: |  1 |
---------------+----+-----
Spellcasting   | 3 |  3.0
Dodging        | |  1.5
Stealth        | |  1.8
Summonings     | |  3.4

Action                   || total
-------------------------++-------
Melee: Short sword       ||     8
 Fire: Hunting sling     ||     1
 Cast: Summon Small Mamm ||    26
Armor: Robe              ||     2
Dodge: Dodged            ||     8

Table legend: (Time is in decaauts)
 A = Elapsed time spent in this place.
 B = Non-inter-level travel time spent in this place.
 C = Inter-level travel time spent in this place.
 D = Time resting spent in this place.
 E = Time spent auto-exploring this place.
 F = Levels seen in this place.
 G = Mean time per level.
                   A        B        C        D        E       F      G
               +--------+--------+--------+--------+--------+-----+--------+
         Total |   1222 |   1208 |     14 |    159 |    915 |   1 | 1222.0 |
       Dungeon |   1222 |   1208 |     14 |    159 |    915 |   1 | 1222.0 |
               +--------+--------+--------+--------+--------+-----+--------+

Top non-repeatable levels by time:
     D:1: 1222 daAuts
